 Dungeon Crawl Stone Soup version 0.30.1-5-ged363bc7ee (webtiles) character file.

Game seed: 3317053914936987586

1129 Arctor the Magician (level 8, -11/67 HPs)
             Began as a Purple Draconian Transmuter on Sept 19, 2023.
             Mangled by a yak (13 damage)
             ... on level 5 of the Dungeon.
             The game lasted 00:06:57 (3964 turns).

Arctor the Magician (Purple Draconian Transmuter)   Turns: 3964, Time: 00:06:58

Health: -11/67     AC:  2    Str: 13    XL:     8   Next: 13%
Magic:  10/15      EV: 21    Int: 15    God:
Gold:   289        SH:  0    Dex: 17    Spells: 9/17 levels left

rFire   . .          .
                       - Unarmed
rCold   . . .        (shield currently unavailable)
rNeg    . . .        (body armour unavailable)
rPois   x            (helmet currently unavailable)
rElec   .            m - melded +2 cloak
rCorr   .            (gloves currently unavailable)
SInv    .            (boots currently unavailable)
Will    +....        (no amulet)
Stlth   ++           (no ring)
HPRegen 0.31/turn    (no ring)
MPRegen 0.14/turn

%: no passive effects
@: spider-form (expiring)
A: venomous fangs, (breathe power), AC +6, tiny, unfitting armour,
(cold-blooded)
a: End Transformation


You were on level 5 of the Dungeon.
You were a venomous arachnid creature.
You visited 1 branch of the dungeon, and saw 5 of its levels.

You collected 289 gold pieces.

Inventory:

Armour
 m - a +2 cloak (melded)
Jewellery
 r - a ring of ice
Wands
 w - a wand of charming (7)
Scrolls
 b - 2 scrolls of amnesia
 c - 2 scrolls of enchant weapon
 e - 2 scrolls of vulnerability
 g - 3 scrolls of fog
 h - 6 scrolls of identify
 j - 2 scrolls of blinking {unknown}
 p - a scroll of immolation {unknown}
 s - 2 scrolls of teleportation {unknown}
 v - a scroll of magic mapping {unknown}
 x - a scroll of silence {unknown}
Potions
 a - a potion of lignification
 d - a potion of heal wounds
 f - 2 potions of brilliance {unknown}
 i - a potion of attraction {unknown}
 k - a potion of curing {unknown}
 l - a potion of invisibility {unknown}
 n - 3 potions of might {unknown}
 o - 2 potions of berserk rage {unknown}
 q - a potion of cancellation {unknown}
 t - 2 potions of flight {unknown}
 u - 4 potions of degeneration {unknown}


   Skills:
 + Level 4.8 Fighting
 + Level 4.2 Dodging
 + Level 5.1 Unarmed Combat
 + Level 5.2 Spellcasting
 + Level 4.6 Transmutations


You had 9 spell levels left.
You knew the following spells:

 Your Spells              Type           Power      Damage    Failure   Level
a - Beastly Appendage     Tmut           34%        N/A       9%          1
b - Spider Form           Tmut/Pois      10%        N/A       38%         3
c - Ice Form              Ice/Tmut       10%        N/A       73%         4

Your spell library contained the following spells:

 Spells                   Type           Power      Damage    Failure   Level
 Wereblood                Tmut           17%        N/A       12%         2


Dungeon Overview and Level Annotations

Branches:
Dungeon (5/15)
 Temple: D:4-7

Altars:
Ashenzari
Sif Muna

Annotations:
D:3 3 runed translucent doors, Rem's ghost, amateur OpTm; dragonking145's ghost, amateur MeFi
D:4 2 transporters


Innate Abilities, Weirdness & Mutations

You are a venomous arachnid creature.
You have venomous fangs.
You are tiny and dextrous.
Your spellcasting is less reliable in this form.
Your armour is entirely melded.
You are incapable of wielding weapons or throwing items.
((You can breathe bolts of dispelling energy.))
((Your rich purple scales are hard. (AC +6)))
You cannot fit into any form of body armour.
((You are cold-blooded and may be slowed by cold attacks.))


Message History

The yak is moderately wounded.
The yak closely misses you.
You hit the yak but do no damage.
The yak is heavily wounded.
Your transformation has ended.
Your +2 cloak unmelds from your body.
The yak gores you. The yak gores you!
Casting: Spider Form (dangerous; 21% risk of failure)
Confirm with . or Enter, or press ? or * to list all spells.
You turn into a venomous arachnid creature.
Your +2 cloak melds into your body.
Your transformation is almost over.
The yak closely misses you. The yak completely misses you.
You bite the yak!
The yak looks as sick as possible!
The yak is severely wounded.
The yak gores you. The yak completely misses you.
You hit the yak.
The yak is poisoned.
The yak is lightly wounded.
The yak gores you!
* * * LOW HITPOINT WARNING * * *
The yak barely misses you.
Unknown command.
You bite the yak!
You kill the yak!
The yak closely misses you.
You have reached level 8!
You feel agile.
You bite the yak!
The yak looks as sick as possible!
The yak is moderately wounded.
The yak gores you!
* * * LOW HITPOINT WARNING * * *
Unknown command.
Okay, then.
You hit the yak but do no damage.
The yak looks as sick as possible!
The yak is moderately wounded.
The yak closely misses you.
Okay, then.
You hit the yak.
The yak looks as sick as possible!
The yak is severely wounded.
The yak gores you!
You die...

######### ........##
.........# ...
#######..# ... #..#
.... ## #..# ...♣ .#
#..######### ♣...♣♣ .#
#.........s#♣♣♣♣♣.....♣
.#
#.........Y††..†.......
.#
########.........####.#
.# #.####.##.# .# #.#
#.# .# .# #.# #.# .# .#
#.# #.# .# .## #.# ...
.. ..## #.# #.. ..


You could see a yak (extremely poisoned).

Vanquished Creatures
  2 yaks (D:5)
  A black bear (D:5)
  2 phantoms
  2 scorpions
  2 hounds
  Crazy Yiuf (D:2)
  5 orc priests
  Terence (D:3)
  2 orc wizards (D:4)
  8 adders
  A white imp (D:5)
  3 dart slugs
  11 orcs
  7 ball pythons
  9 endoplasms
  4 giant cockroaches
  10 goblins
  6 hobgoblins
  4 jackals (D:2)
  2 quokkas
  4 bats
  7 frilled lizards
  10 kobolds
  2 rats
106 creatures vanquished.

Notes
Turn   | Place    | Note
-------+----------+-------------------------------------------
     0 | D:1      | Arctor the Draconian Transmuter began the quest for the
                  | Orb.
     0 | D:1      | Reached XP level 1. HP: 16/16 MP: 3/3
   184 | D:1      | Reached XP level 2. HP: 20/23 MP: 3/5
   655 | D:2      | Reached XP level 3. HP: 11/29 MP: 6/6
   921 | D:2      | Found a shimmering blue altar of Sif Muna.
  1478 | D:2      | Found a runed translucent door.
  1479 | D:2      | Noticed Crazy Yiuf
  1540 | D:2      | Learned a level 3 spell: Spider Form
  1549 | D:2      | Killed Crazy Yiuf
  1550 | D:2      | Reached XP level 4. HP: 24/36 MP: 0/7
  2007 | D:3      | Reached XP level 5. HP: 42/42 MP: 7/9
  2273 | D:3      | Noticed Terence
  2284 | D:3      | Killed Terence
  2346 | D:3      | Found a runed translucent gate.
  2346 | D:3      | Found a runed translucent gate.
  2346 | D:3      | Found a runed translucent gate.
  2347 | D:3      | Noticed dragonking145's ghost (amateur MeFi)
  2348 | D:3      | Noticed Rem's ghost (amateur OpTm)
  2791 | D:3      | Learned a level 4 spell: Ice Form
  2847 | D:4      | Noticed a kobold demonologist
  2852 | D:4      | Found a transporter.
  3010 | D:4      | Reached XP level 6. HP: 43/51 MP: 8/10
  3473 | D:4      | Found a transporter.
  3584 | D:4      | Your scales start taking on a rich purple colour.
  3584 | D:4      | Reached XP level 7. HP: 54/58 MP: 11/13
  3606 | D:5      | Entered Level 5 of the Dungeon
  3812 | D:5      | Found a broken altar of Ashenzari.
  3936 | D:5      | Noticed a yak
  3938 | D:5      | Noticed a yak
  3942 | D:5      | Noticed a yak
  3953 | D:5      | Killed a yak
  3954 | D:5      | Reached skill level 5 in Unarmed Combat
  3954 | D:5      | Reached skill level 5 in Spellcasting
  3961 | D:5      | Killed a yak
  3962 | D:5      | Reached XP level 8. HP: 14/67 MP: 10/15
  3962 | D:5      | HP: 1/67 [yak (13)]
  3964 | D:5      | Mangled by a yak

Illustrated notes

Levels and vault maps discovered:
D:1:      co_arrival_random_square_maze, layout_basic
D:2:      layout_basic, basic_altar, minmay_pentomino_r2,
          uniq_crazy_yiuf_cottage
D:3:      layout_loops_ring, gammafunk_ghost_cemetery,
          dreamdust_mushroom_princess, nicolae_half_adder, uniq_terence
D:4:      gammafunk_wand_slinger, layout_rooms, moated_statue
D:5:      layout_loops_ring, nicolae_overflow_hidden_temple,
          fedhas_altar_fruit_tree, mainiacjoe_overflow_chevrons

Skill      XL: |  1  2  3  4  5  6  7 |
---------------+----------------------+-----
Dodging        | 2 3 4 |  4.2
Fighting       | 2 3 4 |  4.8
Transmutations | 3 4 |  4.6
Spellcasting   | 3 4 5 |  5.2
Unarmed Combat | 4 5 |  5.1

Action                     |  1- 3 |  4- 6 |  7- 9 || total
---------------------------+-------+-------+-------++-------
  Melee: Unarmed           |   127 |   160 |    54 ||   341
         Kick              |    27 |    39 |     8 ||    74
         Headbutt          |    15 |    22 |     5 ||    42
         Punch             |     2 |     2 |       ||     4
         Tailslap          |     9 |    11 |     5 ||    25
   Cast: Beastly Appendage |    37 |    33 |     6 ||    76
         Spider Form       |     1 |     2 |     4 ||     7
Ability: Breathe Dispellin |       |       |     1 ||     1
    Use: Scroll            |       |     4 |       ||     4
         Potion            |       |     1 |       ||     1
 Armour: Skin              |    49 |    50 |    16 ||   115
  Dodge: Dodged            |   108 |    97 |    47 ||   252
